 Dungeon Crawl Stone Soup version 0.27-a0-1051-g288ea87c7c (webtiles) character file.

Game seed: 9126075037837093931

29 vhaine the Skirmisher (level 3, 0/29 HPs)
             Began as a Demonspawn Gladiator on Apr 20, 2021.
             Slain by Sigmund
             ... wielding a +0 scythe
              (7 damage)
             ... on level 2 of the Dungeon.
             The game lasted 00:02:33 (1180 turns).

vhaine the Skirmisher (Demonspawn Gladiator)        Turns: 1180, Time: 00:02:33

Health: 0/29       AC:  4    Str: 14    XL:     3   Next: 1%
Magic:  3/3        EV: 12    Int: 10    God:
Gold:   18         SH:  0    Dex: 14    Spells: 2/2 levels left

rFire    . . .     SeeInvis .   f - +4 dagger
rCold    . . .     Faith    .   (no shield)
rNeg     . . .     Spirit   .   a - +0 leather armour
rPois    .         Reflect  .   b - +0 helmet
rElec    .         Harm     .   (no cloak)
rCorr    .         Rampage  .   (no gloves)
Will     .....                  (no boots)
Stlth    +.........             (no amulet)
HPRegen  0.09/turn              (no ring)
MPRegen  0.16/turn              (no ring)

@: confused
A: hooves 1, magic regeneration
a: no special abilities


You were on level 2 of the Dungeon.
You visited 1 branch of the dungeon, and saw 2 of its levels.

You collected 18 gold pieces.

Inventory:

Hand Weapons
 d - a +0 hunting sling
 f - a +4 dagger (weapon)
Missiles
 c - a throwing net (quivered)
Armour
 a - a +0 leather armour (worn)
 b - a +0 helmet (worn)
Scrolls
 e - a scroll of teleportation {unknown}
 g - a scroll of amnesia {unknown}
 i - a scroll of torment {unknown}
 j - a scroll of silence {unknown}
 k - a scroll of blinking {unknown}
Potions
 h - a potion of cancellation {unknown}


   Skills:
 + Level 3.2 Fighting
 - Level 1.7 Throwing
 - Level 2.6 Dodging
 + Level 1.1 Stealth
 - Level 2.6 Unarmed Combat


You had 2 spell levels left.
You didn't know any spells.
Your spell library was empty.

Dungeon Overview and Level Annotations

Branches:
Dungeon (2/15)

Altars:
Nemelex Xobeh

Annotations:
D:2 Sigmund


Innate Abilities, Weirdness & Mutations

You have large cloven feet.
You regenerate magic rapidly.


Message History

Your experience leads to an increase in your attributes!
Increase (S)trength, (I)ntelligence, or (D)exterity?
You feel clever.
Your demonic ancestry asserts itself...
Your feet thicken and deform.
You start resting.
Sigmund is nearby!
Sigmund shouts!
You start waiting.
Sigmund is nearby!
Throw: 3 throwing nets
Press: ? - help, Q - select action Shift-Dir - straight line, f - Sigmund
Aim: Sigmund, wielding a +0 scythe and wearing a +0 robe (55% to hit)
You throw a throwing net.
The throwing net closely misses Sigmund.
Sigmund closely misses you.
Throw: 2 throwing nets
Press: ? - help, Q - select action Shift-Dir - straight line, f/p - Sigmund
Aim: Sigmund, wielding a +0 scythe and wearing a +0 robe (55% to hit)
You throw a throwing net. The throwing net hits Sigmund.
Sigmund is caught in the net!
Sigmund drinks a potion.
Sigmund flickers and vanishes!
Deactivating autopickup; reactivate with Ctrl-A.
Something wriggles in the net.
You closely miss something.
Something wriggles in the net.
You hit something. You kick something.
Something wriggles in the net.
You hit something. You kick something.
Something wriggles in the net.
You hit something.
Something wriggles in the net.
All of a sudden the net rips apart!
You miss something.
You hear some strange, mumbled words.
A magic dart appears from out of thin air!
The magic dart hits you.
You hit something but do no damage. Something hits you!
You hit something but do no damage.
You hear some strange, mumbled words.
You are confused.
Something hits you!
* * * LOW HITPOINT WARNING * * *
Something hits you!
You die...

....#.#.#.# .. ..
..#.######
...#.#.#......# ...
g...#..###.# #. .#
.....###)#### # ..
...#..##.....# ..
#..#..##..##.#
#..{...##.# ..o....
#.#@......# ......
#.#....#### .....
#.#....## ....
#.#.....# . ...
#.#....####... ..
#...#........########.
#.. #.....####........
#...#.................
#...###.#.........†...


There were no monsters in sight!

Vanquished Creatures
  2 ball pythons (D:1)
  3 endoplasms (D:1)
  3 goblins
  3 hobgoblins
  2 quokkas
  2 bats (D:1)
  5 kobolds
  6 rats (D:1)
26 creatures vanquished.

Notes
Turn   | Place    | Note
-------+----------+-------------------------------------------
     0 | D:1      | vhaine the Demonspawn Gladiator began the quest for the
                  | Orb.
     0 | D:1      | Reached XP level 1. HP: 16/16 MP: 1/1
   192 | D:1      | Gained mutation: You regenerate magic rapidly. [demonic
                  | ancestry]
   192 | D:1      | Reached XP level 2. HP: 16/23 MP: 2/2
   429 | D:1      | Reached skill level 3 in Fighting
   938 | D:2      | Found a sparkling altar of Nemelex Xobeh.
   939 | D:2      | Noticed Sigmund
   960 | D:2      | Reached skill level 1 in Stealth
  1150 | D:2      | Gained mutation: You have large cloven feet. [demonic
                  | ancestry]
  1150 | D:2      | Reached XP level 3. HP: 27/29 MP: 3/3
  1180 | D:2      | Slain by Sigmund

Illustrated notes

Levels and vault maps discovered:
D:1:      dpeg_arrival_ratfight, layout_loops_ring
D:2:      layout_basic, hellmonk_ecumenical_altar_crossroads, basic_altar,
          uniq_terence, uniq_sigmund

Skill      XL: |  1  2 |
---------------+-------+-----
Fighting       | 3 |  3.2
Stealth        | 1 |  1.1
Throwing       | |  1.7
Dodging        | |  2.6
Unarmed Combat | |  2.6

Action                   || total
-------------------------++-------
Melee: Dagger            ||    67
       Unarmed           ||     2
       Punch             ||     1
       Kick              ||     2
Throw: Throwing net      ||     2
Armor: Leather armour    ||    17
Dodge: Dodged            ||    35

Table legend: (Time is in decaauts)
 A = Elapsed time spent in this place.
 B = Non-inter-level travel time spent in this place.
 C = Inter-level travel time spent in this place.
 D = Time resting spent in this place.
 E = Time spent auto-exploring this place.
 F = Levels seen in this place.
 G = Mean time per level.
                   A        B        C        D        E       F      G
               +--------+--------+--------+--------+--------+-----+--------+
         Total |   1180 |   1133 |     47 |     88 |    841 |   2 |  590.0 |
       Dungeon |   1180 |   1133 |     47 |     88 |    841 |   2 |  590.0 |
               +--------+--------+--------+--------+--------+-----+--------+

Top non-repeatable levels by time:
     D:1: 945 daAuts
     D:2: 234 daAuts
